 Dungeon Crawl Stone Soup version 0.27.1-34-g3ba077fa99 (webtiles) character file.

Game seed: 1371784324998097534

2452 pkoi the Grappler (level 9, -7/65 HPs)
             Began as a White Draconian Monk on Jan 17, 2022.
             Was an Elder of Hepliaklqana.
             Killed from afar by Erica (24 damage)
             ... with a lance of force
             ... on level 8 of the Dungeon.
             The game lasted 00:07:57 (7542 turns).

pkoi the Grappler (White Draconian Monk)            Turns: 7542, Time: 00:07:57

Health: -7/65      AC: 13    Str: 14    XL:     9   Next: 25%
Magic:  11/11      EV: 17    Int: 14    God:    Hepliaklqana [****..]
Gold:   347        SH:  0    Dex: 13    Spells: 8/8 levels left

rFire    . . .     SeeInvis .     - Unarmed
rCold    + . .     Faith    .   (no shield)
rNeg     . . .     Spirit   .   (armour unavailable)
rPois    .         Reflect  .   (helmet restricted)
rElec    .         Harm     .   (no cloak)
rCorr    .         Rampage  .   u - +1 pair of gloves
Will     .....                  (no boots)
Stlth    ++........             (no amulet)
HPRegen  0.20/turn              i - +4 ring of protection
MPRegen  0.12/turn              b - +4 ring of evasion

@: flying
A: reduced essence, breathe frost, AC +7, unfitting armour, cold resistance 1,
cold-blooded
a: Breathe Frost, Renounce Religion, Recall Ancestor, Ancestor Identity,
Transference, Idealise


You were on level 8 of the Dungeon.
You worshipped Hepliaklqana.
Hepliaklqana was greatly pleased with you.
You visited 2 branches of the dungeon, and saw 9 of its levels.

You collected 347 gold pieces.

Inventory:

Hand Weapons
 h - a +0 whip
 o - a +2 whip of protection
Missiles
 d - 2 throwing nets (quivered)
 e - 58 poisoned darts
Armour
 u - a +1 pair of gloves (worn)
Jewellery
 b - a +4 ring of evasion (right hand)
 i - a +4 ring of protection (left hand)
Wands
 j - a wand of digging (2)
 l - a wand of mindburst (9)
 q - a wand of flame (12)
Scrolls
 g - 8 scrolls of identify
 k - a scroll of magic mapping
 n - a scroll of teleportation
 r - a scroll of immolation
 v - a scroll of fog {unknown}
 x - a scroll of fear
Potions
 a - 2 potions of flight
 c - 3 potions of curing
 f - 6 potions of haste {unknown}
 m - 3 potions of might {unknown}
 p - a potion of berserk rage {unknown}
 s - 2 potions of mutation {unknown}
 t - 3 potions of attraction {unknown}
 w - a potion of invisibility


   Skills:
 + Level 4.9 Fighting
 - Level 4.0 Dodging
 - Level 1.7 Stealth
 + Level 11.3 Unarmed Combat
 + Level 3.6 Invocations


You had 8 spell levels left.
You didn't know any spells.
Your spell library contained the following spells:

 Spells                   Type           Power      Damage    Failure   Level
 Corona                   Hex            0%         N/A       28%         1
 Ensorcelled Hibernation  Hex/Ice        0%         N/A       41%         2
 Inner Flame              Hex/Fire       0%         N/A       65%         3
 Ozocubu's Armour         Ice            0%         N/A       65%         3
 Stone Arrow              Conj/Erth      0%         3d7       65%         3
 Tukima's Dance           Hex            0%         N/A       65%         3
 Cause Fear               Hex            0%         N/A       96%         4
 Metabolic Englaciation   Hex/Ice        0%         N/A       100%        5
 Simulacrum               Ice/Necr       0%         N/A       100%        6
 Dragon Form              Tmut           0%         N/A       100%        7
 Discord                  Hex            0%         N/A       100%        8
 Lehudib's Crystal Spear  Conj/Erth      0%         10d2      100%        8
 Dragon's Call            Summ           0%         N/A       100%        9
 Animate Armour           Summ/Erth      Unusable   N/A       N/A         4

Dungeon Overview and Level Annotations

Branches:
Dungeon (8/15)             Temple (1/1) D:6            Lair (0/6) D:8

Altars:
Ashenzari
Dithmenos
Elyvilon
Fedhas
Gozag
Hepliaklqana
Kikubaaqudgha
Makhleb
Nemelex Xobeh
Okawaru
Qazlal
Ru
Sif Muna
Trog
Uskayaw
Vehumet
Wu Jian
Xom
Yredelemnul
Zin
The Shining One

Annotations:
D:2 Sigmund
D:6 1 runed translucent door
D:8 Erica


Innate Abilities, Weirdness & Mutations

Your life essence is reduced to manifest your ancestor. (-10% HP)
You can breathe waves of freezing cold which knock back foes.
Your icy white scales are hard. (AC +7)
You cannot fit into any form of body armour.
Your flesh is cold resistant. (rC+)
You are cold-blooded and may be slowed by cold attacks.


Message History

Anna hits something with a +0 flail.
Something hits Anna!
Something burns Anna.
Anna is destroyed!
You have got your breath back.
Press: ? - help, Shift-Dir - straight line, f - you You exhale a wave of freezing cold.
Something tries to affect you, but you resist.
You hear some strange, mumbled words.
A bolt of poison appears from out of thin air!
The bolt of poison hits you!
You are poisoned.
* * * LOW HITPOINT WARNING * * *
* * * LOW HITPOINT WARNING * * *
You feel very sick.
You feel very sick.
You feel very sick.
You feel sick.
You feel sick.
You have got your breath back.
You feel sick.
It was a potion of flight.
You feel very buoyant.
You fly up into the air.
You feel sick.
It was a potion of curing.
You feel better.
You are confused.
You're too confused to move!
Erica appears from thin air!
Reactivating autopickup.
Erica drinks a potion.
Erica flickers and vanishes!
Deactivating autopickup; reactivate with Ctrl-A.
You bump into the rock wall.
You bump into the rock wall.
You hear some strange, mumbled words.
Something tries to affect you, but you resist.
You bump into the rock wall.
You feel less confused.
You hear some strange, mumbled words.
A lance of force appears from out of thin air!
The lance of force hits you!!
You die...

############### #..####.### ...
##.............# #..###...## Yo
##..###########.# #.[........
Y. ##...# #.# #.####...## .
##....# #.# #.# ##.## .##.....#
#.# #.# #.# ##......# ##.###.#
#.# #......###########.[.##.#
#.#
'............{..@.....#.#####.#
#######.########..............#
#.........# #......#.#######
##......#.# #.#...##..###
.##.....#.# #...........# .
##...##.#### ########..#.# ..
##..##.##># #....# ..
##.##.#..######## #.._.# ...
####....{......# #....#


There were no monsters in sight!

Vanquished Creatures
  A centaur (D:7)
  A necrophage (D:6)
  A kobold brigand (D:6)
  A phantom (D:4)
  Blork the orc (D:4)
  A water moccasin skeleton (D:5)
  2 centaur zombies
  2 orc priests (D:8)
  Jessica (D:2)
  Natasha (twice) (D:2)
  3 orc wizards
  A scorpion zombie (D:5)
  A howler monkey zombie (D:6)
  2 gnolls (D:5)
  2 howler monkey skeletons
  7 adders
  3 worms (D:2)
  2 dart slugs
  10 orcs
  4 endoplasms
  2 giant cockroaches
  4 goblins
  7 hobgoblins
  9 jackals
  10 kobolds
  7 ball pythons
  A bat (D:3)
  A frilled lizard (D:2)
  6 rats
95 creatures vanquished.

Vanquished Creatures (collateral kills)
  Eustachio (D:5)
  A steam dragon (D:7)
  A necrophage (D:5)
  3 ogres
  A bullfrog (D:7)
  2 wyvern zombies (D:7)
  3 scorpions
  A water moccasin zombie (D:6)
  A centaur skeleton (D:4)
  A centaur zombie (D:7)
  An orc priest (D:8)
  A bullfrog skeleton (D:5)
  An orc wizard (D:7)
  A hound skeleton (D:5)
  2 adders
  2 gnolls (D:5)
  4 orcs
  A quokka (D:4)
  A ball python (D:4)
  2 kobolds (D:6)
31 creatures vanquished.

Vanquished Creatures (others)
  A knight (D:8)
  A fungus (D:7)
  A plant (D:7)
  8 toadstools (D:8)
11 creatures vanquished.

Grand Total: 137 creatures vanquished

Notes
Turn   | Place    | Note
-------+----------+-------------------------------------------
     0 | D:1      | pkoi the Draconian Monk began the quest for the Orb.
     0 | D:1      | Reached XP level 1. HP: 19/19 MP: 1/1
   149 | D:1      | Reached XP level 2. HP: 13/26 MP: 2/2
   641 | D:1      | Reached skill level 4 in Unarmed Combat
  1244 | D:2      | Reached XP level 3. HP: 26/31 MP: 3/3
  1475 | D:2      | Noticed Jessica
  1479 | D:2      | Killed Jessica
  1508 | D:2      | Noticed Natasha
  1520 | D:2      | Killed Natasha
  1521 | D:2      | Reached skill level 5 in Unarmed Combat
  1521 | D:2      | Reached XP level 4. HP: 20/38 MP: 4/4
  2122 | D:2      | Noticed Natasha
  2136 | D:2      | Killed Natasha
  2440 | D:2      | Noticed Sigmund
  2685 | D:3      | You fall into a shaft and drop 1 floor!
  2718 | D:3      | Found an ancient bone altar of Kikubaaqudgha.
  2720 | D:3      | Found a burning altar of Makhleb.
  2720 | D:3      | Found a shadowy altar of Dithmenos.
  2724 | D:3      | Reached XP level 5. HP: 38/45 MP: 5/5
  2790 | D:3      | Found a basalt altar of Yredelemnul.
  2791 | D:3      | Found a hazy altar of Hepliaklqana.
  2800 | D:3      | Became a worshipper of Hepliaklqana the Forgotten
  2800 | D:3      | Reached * piety under Hepliaklqana
  2800 | D:3      | Reached ** piety under Hepliaklqana
  2801 | D:3      | Remembered your ancestor Anna as a knight
  2981 | D:3      | Reached skill level 6 in Unarmed Combat
  3669 | D:4      | Found a glowing golden altar of the Shining One.
  3760 | D:4      | Noticed Blork the orc
  3772 | D:4      | Killed Blork the orc
  3786 | D:4      | Reached skill level 7 in Unarmed Combat
  3786 | D:4      | Reached XP level 6. HP: 29/45 MP: 6/6
  4371 | D:5      | Entered Level 5 of the Dungeon
  4371 | D:5      | Reached *** piety under Hepliaklqana
  4386 | D:5      | Reached skill level 8 in Unarmed Combat
  4386 | D:5      | Your scales start taking on an icy white colour.
  4386 | D:5      | Reached XP level 7. HP: 47/51 MP: 7/7
  4386 | D:5      | Gained mutation: Your flesh is cold resistant. (rC+) [White
                  | Draconian growth]
  4470 | D:5      | Noticed Eustachio
  4686 | D:5      | Reached skill level 9 in Unarmed Combat
  4928 | D:5      | Killed Eustachio
  4972 | D:5      | Reached XP level 8. HP: 55/56 MP: 8/8
  4975 | D:5      | Reached skill level 10 in Unarmed Combat
  5532 | D:6      | Found a staircase to the Ecumenical Temple.
  5569 | Temple   | Entered the Ecumenical Temple
  5860 | D:6      | Reached **** piety under Hepliaklqana
  6080 | D:6      | Reached skill level 1 in Invocations
  6208 | D:6      | Found a runed translucent door.
  6249 | D:6      | Identified the +9 long sword of Vodka {flame, rN++ Str+4}
  6438 | D:7      | Found a blossoming altar of Fedhas.
  6445 | D:7      | Found a stormy altar of Qazlal.
  6476 | D:7      | Reached skill level 11 in Unarmed Combat
  6569 | D:7      | Reached XP level 9. HP: 59/64 MP: 9/11
  7424 | D:8      | Found a radiant altar of Vehumet.
  7464 | D:8      | Found a broken altar of Ashenzari.
  7494 | D:8      | Found a staircase to the Lair.
  7503 | D:8      | Noticed Erica
  7542 | D:8      | Killed from afar by Erica

Illustrated notes

Levels and vault maps discovered:
D:1:      wheals_arrival_shading, layout_basic, serial_rivers,
          chequers_serial_rivers_small_a, chequers_serial_rivers_micro_a,
          chequers_serial_rivers_small_b, chequers_serial_rivers_room_b,
          minmay_fountain_box
D:2:      layout_basic, minmay_misc_feat_rugged, serial_park_tiny_1,
          minmay_pentomino_q2, uniq_natasha, uniq_sigmund, uniq_jessica
D:3:      minmay_inner_zag, layout_basic, grunt_temple_overflow_open,
          serial_glass, glass_columns_c, glass_columns_a, minmay_cut_off
D:4:      layout_loops_ring, tso_altar, kennysheep_big_empty_room,
          uniq_blork_the_orc
D:5:      layout_cave_pools, uniq_eustachio
D:6:      layout_loops_ring, minmay_temple_entry_sparse_star,
          lightli_church_of_beogh
D:7:      layout_basic, grunt_temple_overflow_forces_of_nature
D:8:      cheibrodos_fertilizer, layout_loops_ring,
          mainiacjoe_overflow_tiny_flanked, nicolae_ashenzari_panopticon,
          lair_entry_dummy, kennysheep_windowed_goal, uniq_erica
Temple:   minmay_temple_curvy_loop

Skill      XL: |  1  2  3  4  5  6  7  8  9 |
---------------+----------------------------+-----
Unarmed Combat | 4 5 7 8 9 11 | 11.3
Invocations    | 2 3 |  3.6
Dodging        | 3 4 |  4.0
Fighting       | 4 |  4.9
Stealth        | |  1.7

Action                   |  1- 3 |  4- 6 |  7- 9 || total
-------------------------+-------+-------+-------++-------
Melee: Unarmed           |    90 |   139 |   181 ||   410
       Tailslap          |    12 |    10 |    28 ||    50
       Punch             |     2 |     2 |     7 ||    11
Invok: Ancestor Life: Kn |       |     1 |       ||     1
       Ancestor Identity |       |     1 |       ||     1
       Recall Ancestor   |       |       |     1 ||     1
 Abil: Breathe Frost     |       |       |     4 ||     4
  Use: Scroll            |     2 |       |    11 ||    13
       Potion            |       |       |     2 ||     2
 Stab: Sleeping          |     2 |     3 |     1 ||     6
Armor: Skin              |    27 |    26 |    71 ||   124
Dodge: Dodged            |    55 |    81 |   133 ||   269
